RBL
DETROIT TIGERS @ MINNESOTA TWINS
08/27/1997
 
TOP OF THE 1ST
Detroit Tigers batting - Pitching for Minnesota Twins : RHP Mike Mussina
Pitching: RHP Mike Mussina
Batting: RHB Hensley Meulens 0-0: Ball
1-0: Called Strike
1-1: Fly out, F8 (Flyball, 8RD, EV 81.3 MPH)
Batting: RHB Alex Gonzalez 0-0: Hit by Pitch
Batting: RHB Danny Peoples 0-0: Ball
Alex Gonzalez is caught stealing 2nd base 2-4
1-0: Foul Ball, location: 2F
1-1: Swinging Strike
1-2: Foul Ball, location: 3F
1-2: Strikes out swinging
Top of the 1st over - 0 runs, 0 hits, 0 errors, 0 left on base; Detroit 0 - Minnesota 0
BOTTOM OF THE 1ST
Minnesota Twins batting - Pitching for Detroit Tigers : RHP Jose Rijo
Pitching: RHP Jose Rijo
Batting: RHB Tim Garland 0-0: SINGLE (Line Drive, 4D, EV 96.9 MPH)
Batting: LHB Bo Springfield 0-0: Called Strike
Tim Garland is caught stealing 2nd base 2-6
0-1: Swinging Strike
0-2: Strikes out swinging
Batting: LHB Fernando Vina 0-0: Foul Ball, location: 2F
0-1: Ball
1-1: Foul Ball, location: 23F
1-2: TRIPLE (Flyball, 89XD, EV 93.1 MPH)
Batting: RHB Mark Loretta 0-0: Ball
1-0: Called Strike
1-1: Foul Ball, location: 2F
1-2: Ball
2-2: Fly out, F9 (Flyball, 9D, EV 79.4 MPH)
Bottom of the 1st over - 0 runs, 2 hits, 0 errors, 1 left on base; Detroit 0 - Minnesota 0
TOP OF THE 2ND
Detroit Tigers batting - Pitching for Minnesota Twins : RHP Mike Mussina
Batting: LHB Mark Grace 0-0: SINGLE (Line Drive, 9S, EV 109.4 MPH)
Batting: RHB Chad Rupp 0-0: Swinging Strike
0-1: Ball
1-1: Ball
2-1: 2-RUN HOME RUN (Flyball, 89XD, EV 102.5 MPH), Distance : 422 ft
Batting: LHB Larry Sutton 0-0: Foul Ball, location: 2RF
0-1: Called Strike
0-2: Foul Ball, location: 3DF
0-2: Ball
1-2: Foul Ball, location: 7LMF
1-2: Foul Ball, location: 7LSF
1-2: Ball
2-2: Fly out, F7 (Line Drive, 7, EV 98.8 MPH)
Batting: RHB Adam Robinson 0-0: Ball
1-0: Ball
2-0: Foul Ball, location: 2F
2-1: Ball
3-1: Ground out 4-3 (Groundball, 4S, EV 76.3 MPH)
Batting: RHB Jung-keun Pak 0-0: DOUBLE (Line Drive, 9LM, EV 91.3 MPH)
Batting: RHB Bob Henley 0-0: Ball
1-0: Called Strike
1-1: Ball
2-1: Called Strike
2-2: Ball
Wild Pitch!
Jung-keun Pak to third
3-2: Foul Ball, location: 9LDF
3-2: Ground out 4-3 (Groundball, 34, EV 91.9 MPH)
Top of the 2nd over - 2 runs, 3 hits, 0 errors, 1 left on base; Detroit 2 - Minnesota 0
BOTTOM OF THE 2ND
Minnesota Twins batting - Pitching for Detroit Tigers : RHP Jose Rijo
Batting: RHB Mark Grudzielanek 0-0: Called Strike
0-1: Ball
1-1: Ball
2-1: Foul Ball, location: 5DF
2-2: Ground out 6-3 (Groundball, 6, EV 83.1 MPH)
Batting: RHB Javy Lopez 0-0: Ball
1-0: Called Strike
1-1: Swinging Strike
1-2: Ground out 4-3 (Groundball, 4, EV 87.5 MPH)
Batting: LHB Alex Torres 0-0: Ball
1-0: Called Strike
1-1: Ball
2-1: Foul Ball, location: 23F
2-2: Ball
3-2: Foul Ball, location: 5FF
3-2: Strikes out swinging
Bottom of the 2nd over - 0 runs, 0 hits, 0 errors, 0 left on base; Detroit 2 - Minnesota 0
TOP OF THE 3RD
Detroit Tigers batting - Pitching for Minnesota Twins : RHP Mike Mussina
Batting: RHB Hensley Meulens 0-0: Ball
1-0: Swinging Strike
1-1: Ball
2-1: Ball
3-1: Base on Balls
Batting: RHB Alex Gonzalez 0-0: Grounds into double play, 6-4-3 (Groundball, 6, EV 86.9 MPH)
Batting: RHB Danny Peoples 0-0: Called Strike
0-1: Called Strike
0-2: Ball
1-2: Foul Ball, location: 5DF
1-2: Ball
2-2: SINGLE (Line Drive, 8RS, EV 97.5 MPH)
Batting: LHB Mark Grace 0-0: Ball
1-0: SINGLE (Line Drive, 4D, EV 94.4 MPH)
Danny Peoples to second
Runner from 2nd tries for 3rd, SAFE, throw by RF made to third
Batting: RHB Chad Rupp 0-0: Called Strike
0-1: Ball
1-1: Swinging Strike
1-2: Strikes out looking
Top of the 3rd over - 0 runs, 2 hits, 0 errors, 2 left on base; Detroit 2 - Minnesota 0
BOTTOM OF THE 3RD
Minnesota Twins batting - Pitching for Detroit Tigers : RHP Jose Rijo
Batting: RHB Paul Konerko 0-0: Foul Ball, location: 2F
0-1: Ball
1-1: Ground out 6-3 (Groundball, 6, EV 89.4 MPH)
Batting: LHB Deion Sanders 0-0: Called Strike
0-1: Foul Ball, location: 2RF
0-2: Ball
1-2: Strikes out swinging
Batting: RHB Tim Garland 0-0: Called Strike
0-1: Foul Ball, location: 2F
0-2: Ground out 5-3 (Groundball, 56, EV 87.5 MPH)
Bottom of the 3rd over - 0 runs, 0 hits, 0 errors, 0 left on base; Detroit 2 - Minnesota 0
TOP OF THE 4TH
Detroit Tigers batting - Pitching for Minnesota Twins : RHP Mike Mussina
Batting: LHB Larry Sutton 0-0: Ball
1-0: DOUBLE (Groundball, 5L, EV 106.3 MPH)
Batting: RHB Adam Robinson 0-0: Ball
1-0: Ball
2-0: Called Strike
2-1: Ball
3-1: Called Strike
3-2: SINGLE (Line Drive, 7S, EV 100.6 MPH)
Larry Sutton to third
Batting: RHB Jung-keun Pak 0-0: Ball
1-0: Ball
2-0: Ball
3-0: Foul Ball, location: 2F
3-1: Called Strike
3-2: Base on Balls
Adam Robinson to second
Batting: RHB Bob Henley 0-0: Ground out 5-3 (Groundball, 56S, EV 69.4 MPH)
Larry Sutton scores
Adam Robinson to third
Jung-keun Pak to second
Batting: RHB Hensley Meulens 0-0: Fly out, F8 (Flyball, 89D, EV 98.1 MPH)
Runner from 3rd tags up, SCORES, throw by CF
Jung-keun Pak to third
Batting: RHB Alex Gonzalez 0-0: Foul Ball, location: 25F
0-1: Ball
1-1: Ball
2-1: Called Strike
2-2: Foul Ball, location: 2LF
2-2: Ball
3-2: Foul Ball, location: 2F
3-2: Ground out 5-3 (Groundball, 56S, EV 81.9 MPH)
Top of the 4th over - 2 runs, 2 hits, 0 errors, 1 left on base; Detroit 4 - Minnesota 0
BOTTOM OF THE 4TH
Minnesota Twins batting - Pitching for Detroit Tigers : RHP Jose Rijo
Batting: LHB Bo Springfield 0-0: Fly out, F9 (Flyball, 9S, EV 92.5 MPH)
Batting: LHB Fernando Vina 0-0: Called Strike
0-1: Called Strike
0-2: Ball
1-2: Foul Ball, location: 3FF
1-2: Ball
2-2: Ball
3-2: DOUBLE (Flyball, 78XD, EV 108.8 MPH)
Batting: RHB Mark Loretta 0-0: Foul Ball, location: 2F
0-1: Ball
1-1: Ball
2-1: Foul Ball, location: 7LMF
2-2: Foul Ball, location: 9LSF
2-2: Ground out 4-3 (Groundball, 4, EV 84.4 MPH)
Fernando Vina to third
Batting: RHB Mark Grudzielanek 0-0: Ball
1-0: Ball
2-0: Ball
3-0: Called Strike
3-1: DOUBLE (Line Drive, 3D, EV 99.4 MPH)
Fernando Vina scores
Batting: RHB Javy Lopez 0-0: Ball
1-0: Foul Ball, location: 2LF
1-1: Ball
2-1: Ground out U3 (Groundball, 3L, EV 87.5 MPH)
Bottom of the 4th over - 1 run, 2 hits, 0 errors, 1 left on base; Detroit 4 - Minnesota 1
TOP OF THE 5TH
Detroit Tigers batting - Pitching for Minnesota Twins : RHP Mike Mussina
Batting: RHB Danny Peoples 0-0: Fly out, F9 (Flyball, 9, EV 90.0 MPH)
Batting: LHB Mark Grace 0-0: Called Strike
0-1: Called Strike
0-2: Ball
1-2: Ball
2-2: SINGLE (Flyball, 3D, EV 93.1 MPH)
Batting: RHB Chad Rupp 0-0: Swinging Strike
0-1: Ball
1-1: Called Strike
1-2: Ball
2-2: Grounds into double play, 4-6-3 (Groundball, 4, EV 104.4 MPH)
Top of the 5th over - 0 runs, 1 hit, 0 errors, 0 left on base; Detroit 4 - Minnesota 1
BOTTOM OF THE 5TH
Minnesota Twins batting - Pitching for Detroit Tigers : RHP Jose Rijo
Batting: LHB Alex Torres 0-0: Swinging Strike
0-1: Foul Ball, location: 2F
0-2: SINGLE (Line Drive, 4MD, EV 98.1 MPH)
Batting: RHB Paul Konerko 0-0: Ball
1-0: Ball
2-0: Grounds into double play, 5-4-3 (Groundball, 56, EV 101.3 MPH)
Batting: LHB Deion Sanders 0-0: Foul Ball, location: 2F
0-1: Ball
1-1: Ball
2-1: Fly out, F8 (Flyball, 78M, EV 98.1 MPH)
Bottom of the 5th over - 0 runs, 1 hit, 0 errors, 0 left on base; Detroit 4 - Minnesota 1
TOP OF THE 6TH
Detroit Tigers batting - Pitching for Minnesota Twins : RHP Mike Mussina
Batting: LHB Larry Sutton 0-0: Ball
1-0: Ball
2-0: Ball
3-0: Called Strike
3-1: Fly out, F8 (Flyball, 8LM, EV 96.3 MPH)
Batting: RHB Adam Robinson 0-0: Ball
1-0: Foul Ball, location: 9LSF
1-1: Ball
2-1: Foul Ball, location: 2F
2-2: Foul Ball, location: 3SF
2-2: Fly out, F8 (Line Drive, 8LM, EV 96.9 MPH)
Batting: RHB Jung-keun Pak 0-0: Called Strike
0-1: Swinging Strike
0-2: Ball
1-2: Strikes out swinging
Top of the 6th over - 0 runs, 0 hits, 0 errors, 0 left on base; Detroit 4 - Minnesota 1
BOTTOM OF THE 6TH
Minnesota Twins batting - Pitching for Detroit Tigers : RHP Jose Rijo
Batting: RHB Tim Garland 0-0: Ground out 1-3 (Groundball, 15S, EV 67.5 MPH)
Batting: LHB Bo Springfield 0-0: Called Strike
0-1: Ball
1-1: Swinging Strike
1-2: Ball
2-2: Strikes out looking
Batting: LHB Fernando Vina 0-0: Fly out, F8 (Line Drive, 8RM, EV 105.6 MPH)
Bottom of the 6th over - 0 runs, 0 hits, 0 errors, 0 left on base; Detroit 4 - Minnesota 1
TOP OF THE 7TH
Detroit Tigers batting - Pitching for Minnesota Twins : RHP Mike Mussina
Batting: RHB Bob Henley 0-0: Called Strike
0-1: Swinging Strike
0-2: Foul Ball, location: 9LDF
0-2: Ball
1-2: Ball
2-2: Foul Ball, location: 7LDF
2-2: Ball
3-2: Strikes out swinging
Batting: RHB Hensley Meulens 0-0: Foul Ball, location: 2F
0-1: Ball
1-1: Swinging Strike
1-2: Fly out, F9 (Line Drive, 89S, EV 95.6 MPH)
Batting: RHB Alex Gonzalez 0-0: Called Strike
0-1: TRIPLE (Flyball, 9LD, EV 95.0 MPH)
Batting: RHB Danny Peoples 0-0: Foul Ball, location: 2F
0-1: Ball
1-1: Fly out, F4 (Line Drive, 4MD, EV 72.5 MPH)
Top of the 7th over - 0 runs, 1 hit, 0 errors, 1 left on base; Detroit 4 - Minnesota 1
BOTTOM OF THE 7TH
Minnesota Twins batting - Pitching for Detroit Tigers : RHP Jose Rijo
Batting: RHB Mark Loretta 0-0: Foul Ball, location: 9LDF
0-1: Ball
1-1: Ball
2-1: Ball
3-1: Called Strike
3-2: Base on Balls
Batting: RHB Mark Grudzielanek 0-0: Grounds into double play, U3-6 (Groundball, 3L, EV 99.4 MPH)
Batting: RHB Javy Lopez 0-0: Called Strike
0-1: Ball
1-1: Ground out 6-3 (Groundball, 6, EV 90.0 MPH)
Bottom of the 7th over - 0 runs, 0 hits, 0 errors, 0 left on base; Detroit 4 - Minnesota 1
TOP OF THE 8TH
Detroit Tigers batting - Pitching for Minnesota Twins : RHP Mike Mussina
Pitching: RHP Esteban Loaiza
Batting: LHB Mark Grace 0-0: Ball
1-0: Called Strike
1-1: Foul Ball, location: 7LMF
1-2: Ground out 6-3 (Groundball, 6M, EV 83.8 MPH)
Batting: RHB Chad Rupp 0-0: Ball
1-0: Foul Ball, location: 2F
1-1: Ball
2-1: Swinging Strike
2-2: Strikes out swinging
Batting: LHB Larry Sutton 0-0: Ball
1-0: Ball
2-0: Called Strike
2-1: Ball
3-1: Base on Balls
Batting: RHB Adam Robinson 0-0: Called Strike
0-1: Foul Ball, location: 9LMFF
0-2: Ball
1-2: SINGLE (Line Drive, 78S, EV 93.8 MPH)
Larry Sutton to second
Runner from 2nd tries for 3rd, SAFE, throw by LF made to third
Batting: RHB Jung-keun Pak 0-0: Foul Ball, location: 3FF
0-1: Ground out 4-3 (Groundball, 4, EV 87.5 MPH)
Top of the 8th over - 0 runs, 1 hit, 0 errors, 2 left on base; Detroit 4 - Minnesota 1
BOTTOM OF THE 8TH
Minnesota Twins batting - Pitching for Detroit Tigers : RHP Jose Rijo
Batting: LHB Alex Torres 0-0: Swinging Strike
0-1: Ball
1-1: Called Strike
1-2: Foul Ball, location: 23F
1-2: Ball
2-2: Ball
3-2: Base on Balls
Pinch Hitting: LHB Garret Anderson 0-0: Called Strike
0-1: Swinging Strike
0-2: Ball
1-2: Strikes out swinging
Batting: LHB Deion Sanders 0-0: Ball
1-0: Ball
2-0: Called Strike
2-1: Fly out, F7 (Flyball, 7, EV 106.3 MPH)
Batting: RHB Tim Garland 0-0: Ball
1-0: Foul Ball, location: 2F
1-1: Ball
2-1: Foul Ball, location: 5DF
2-2: SINGLE (Groundball, 34D, EV 98.1 MPH) - runner OUT being hit by batted ball. (infield hit)
Bottom of the 8th over - 0 runs, 1 hit, 0 errors, 1 left on base; Detroit 4 - Minnesota 1
TOP OF THE 9TH
Detroit Tigers batting - Pitching for Minnesota Twins : RHP Esteban Loaiza
Now at 1B: Garret Anderson
Pinch Hitting: LHB Kent Brown 0-0: SINGLE (Line Drive, 6MD, EV 94.4 MPH)
Batting: RHB Hensley Meulens 0-0: Ball
1-0: Fly out, F9 (Flyball, 9, EV 89.4 MPH)
Batting: RHB Alex Gonzalez 0-0: Called Strike
0-1: Fly out, F8 (Flyball, 8LD, EV 105.0 MPH)
Pitching: RHP Rob Dibble
Batting: RHB Danny Peoples 0-0: Ball
1-0: Foul Ball, location: 2F
1-1: Ball
2-1: Foul Ball, location: 9LMF
2-2: Foul Ball, location: 7LSF
2-2: Fielders Choice at 2nd, 6-4 (Groundball, 6, EV 86.3 MPH)
Top of the 9th over - 0 runs, 1 hit, 0 errors, 1 left on base; Detroit 4 - Minnesota 1
BOTTOM OF THE 9TH
Minnesota Twins batting - Pitching for Detroit Tigers : RHP Jose Rijo
Now at C: Scott Hatteberg
Batting: LHB Bo Springfield 0-0: Foul Ball, location: 2F
0-1: SINGLE (Groundball, 34D, EV 100.0 MPH)
Batting: LHB Fernando Vina 0-0: Foul Ball, location: 7LMF
0-1: Swinging Strike
0-2: Ball
1-2: Ball
2-2: Strikes out swinging
Batting: RHB Mark Loretta 0-0: SINGLE (Line Drive, 8RS, EV 91.9 MPH)
Bo Springfield to second
Batting: RHB Mark Grudzielanek 0-0: Fly out, F7 (Flyball, 7LDF, EV 98.8 MPH)
Batting: RHB Javy Lopez 0-0: Ground out U3 (Groundball, 3, EV 95.6 MPH)
Bottom of the 9th over - 0 runs, 2 hits, 0 errors, 2 left on base; Detroit 4 - Minnesota 1
Sunday, April 14th , 2024 - OOTP Baseball 24.7 Build 72